 Dungeon Crawl Stone Soup version 0.19-a0-786-g904d2f3 (webtiles) character file.

535 AlphabetPasta the Sneak (level 7, -2/41 HPs)
             Began as a Tengu Assassin on June 25, 2016.
             Slain by an iguana (13 damage)
             ... on level 5 of the Dungeon.
             The game lasted 00:20:08 (4703 turns).

AlphabetPasta the Sneak (Tengu Assassin)            Turns: 4703, Time: 00:20:09

Health: -2/41      AC:  4    Str: 11    XL:     7   Next: 25%
Magic:  9/9        EV: 13    Int: 11    God:
Gold:   190        SH:  0    Dex: 18    Spells: 0 memorised, 6 levels left

rFire  . . .     SeeInvis +     a - +3 dagger
rCold  . . .     Gourm    .     c - +0 robe
rNeg   . . .     Faith    .     (no shield)
rPois  .         Spirit   .     (helmet restricted)
rElec  .         Dismiss  .     d - +0 cloak
rCorr  .         Reflect  .     r - +0 pair of gloves
SustAt .         Harm     .     (boots unavailable)
MR     .....                    (no amulet)
Stlth  +++.......               (no ring)
                                j - ring of see invisible

@: not resistant to hostile enchantments, fairly stealthy
A: beak, talons 3, able to fly 1
a: Fly


You were on level 5 of the Dungeon.
You were not hungry.

You visited 1 branch of the dungeon, and saw 5 of its levels.

You collected 235 gold pieces.
You spent 45 gold pieces at shops.

Inventory:

Hand Weapons
 a - a +3 dagger (weapon)
 b - a +0 blowgun
 q - a +0 long sword
Missiles
 e - 21 poisoned needles
 f - a curare-tipped needle
 y - 3 javelins (quivered)
Armour
 c - a +0 robe (worn)
 d - a +0 cloak (worn)
 r - a +0 pair of gloves (worn)
Jewellery
 j - a ring of see invisible (left hand)
Wands
 s - a wand of iceblast (6/15)
 t - a wand of disintegration (3/24)
Scrolls
 h - a scroll of magic mapping
 l - 3 scrolls of remove curse
 m - 4 scrolls of identify
 o - a scroll of amnesia
 u - 5 scrolls of enchant weapon
 v - a scroll of teleportation
Potions
 i - a potion of cancellation
 k - a potion of cure mutation
 p - a potion of curing
 w - a potion of degeneration {unknown}
Comestibles
 g - a bread ration
 n - 4 meat rations
 x - a chunk of flesh


   Skills:
 + Level 3.0 Fighting
 * Level 4.5 Short Blades
 + Level 3.4 Throwing
 + Level 2.9 Dodging
 * Level 5.8 Stealth
 + Level 2.1 Evocations


You had 6 spell levels left.
You didn't know any spells.

Dungeon Overview and Level Annotations

Branches:
Dungeon (5/15)
 Temple: D:4-7

Altars:
Elyvilon

Shops:
D:4 ?


Innate Abilities, Weirdness & Mutations

You have a beak for a mouth.
You have claws for feet.
You can fly.


Message History

The iguana is heavily wounded.
The iguana bites you.
You hit the iguana.
The iguana is severely wounded.
The iguana barely misses you.
You closely miss the iguana. Your kick misses the iguana.
The iguana is severely wounded.
The iguana bites you!
* * * LOW HITPOINT WARNING * * *
You hit the iguana. You claw the iguana, but do no damage.
Your peck misses the iguana.
The iguana is almost dead.
The iguana bites you.
* * * LOW HITPOINT WARNING * * *
You barely miss the iguana. You peck the iguana, but do no damage.
The iguana is almost dead.
You hit the iguana but do no damage. Your peck misses the iguana.
The iguana is almost dead.
The iguana bites you!
You die...

#.# #.###.#
#.###.###(#
#.......#.#
#####.#.#.## #
#.#....#
....####.###..#
..............#
....####....#.#
. .......#@.#
####.#.#l.#
...#.#..#
#####.#...
#.#....
#.#.#.##
#.#.#.. #.####


You could see an iguana.

Vanquished Creatures
  An ogre (D:3)
  A centaur (D:5)
  The ghost of TheGoonsmith the Magician, an amateur DEFE of Vehumet (D:3)
  A scorpion (D:4)
  2 orc wizards (D:3)
  A giant frog skeleton (D:4)
  A hound skeleton (D:3)
  2 gnolls (D:3)
  2 adders (D:2)
  A shadow imp (D:5)
  An ooze (D:5)
  A worm (D:2)
  4 dart slugs
  2 giant geckos
  9 orcs (D:3)
  6 giant cockroaches
  7 goblins
  11 hobgoblins
  8 jackals
  2 quokkas
  2 ball pythons
  7 bats
  A giant gecko skeleton (D:5)
  2 giant newts
  5 kobolds
  5 rats
86 creatures vanquished.

Notes
Turn   | Place    | Note
--------------------------------------------------------------
     0 | D:1      | AlphabetPasta the Tengu Assassin began the quest for the Orb.
     0 | D:1      | Reached XP level 1. HP: 12/12 MP: 2/2
   108 | D:1      | Reached XP level 2. HP: 17/17 MP: 3/3
   643 | D:1      | Reached XP level 3. HP: 12/21 MP: 4/4
  1337 | D:2      | Reached XP level 4. HP: 25/27 MP: 5/5
  1867 | D:3      | Reached skill level 1 in Evocations
  1867 | D:3      | Gained mutation: You can fly. [Tengu growth]
  1867 | D:3      | Reached XP level 5. HP: 24/31 MP: 6/6
  1889 | D:3      | Reached skill level 5 in Stealth
  1917 | D:2      | HP: 1/31 [jackal (2)]
  2413 | D:3      | Noticed TheGoonsmith's ghost (amateur DEFE)
  2750 | D:3      | Killed TheGoonsmith's ghost
  2750 | D:3      | Reached XP level 6. HP: 13/36 MP: 6/8
  3476 | D:4      | Found Guaczigh's Magic Scroll Shop.
  3481 | D:4      | Bought a scroll of magic mapping for 45 gold pieces
  3516 | D:4      | Found a white marble altar of Elyvilon.
  3897 | D:4      | Reached XP level 7. HP: 21/40 MP: 9/9
  4179 | D:5      | Entered Level 5 of the Dungeon
  4703 | D:5      | Slain by an iguana

Vault maps used:
D:1:      shiori_shiawase
D:4:      lemuel_crystal_altar, first_bread, serial_shops, nicolae_shop_stone
D:5:      minmay_opposing_rooms, serial_shops, nicolae_shop_stone,
          nicolae_shop_stone, kennysheep_mini_moat, minmay_misc_feat_doors

Skill      XL: |  1  2  3  4  5  6  7 |
---------------+----------------------+-----
Short Blades   | 3 4 |  4.5
Dodging        | 2 |  2.9
Evocations     | 1 2 |  2.1
Stealth        | 5 |  5.8
Throwing       | 3 |  3.4
Fighting       | 3 |  3.0

Action                   |  1- 3 |  4- 6 |  7- 9 || total
-------------------------+-------+-------+-------++-------
Melee: Dagger            |    71 |   149 |    41 ||   261
       Kick              |    15 |    38 |     8 ||    61
       Peck              |    13 |    19 |     9 ||    41
 Fire: Blowgun           |     6 |    22 |     2 ||    30
 Abil: Fly               |       |     1 |       ||     1
  Use: Potion            |       |     3 |     1 ||     4
       Scroll            |       |    10 |     1 ||    11
 Stab: Sleeping          |    14 |     8 |     1 ||    23
       Distracted        |       |     2 |       ||     2
  Eat: Chunk             |     1 |     4 |     1 ||     6
       Bread ration      |       |     1 |     1 ||     2
Armor: Robe              |     9 |    27 |     9 ||    45
Dodge: Dodged            |    23 |    73 |    19 ||   115
